 Dungeon Crawl Stone Soup version 0.32-a0-119-g2e8054a333 (webtiles) character file.

Game seed: 4837821198006121232

26749 Newt the Fighter (level 13, -3/111 HPs)
             Began as a Demonspawn Gladiator on Feb 6, 2024.
             Was an Initiate of Gozag.
             Slain by a ten-headed hydra (6 damage)
             ... on level 13 of the Dungeon.
             The game lasted 00:19:19 (14544 turns).

Newt the Fighter (Demonspawn Gladiator)            Turns: 14544, Time: 00:19:19

Health: -3/111     AC: 12    Str: 18    XL:     13   Next: 0%
Magic:  13/13      EV: 17    Int: 10    God:    Gozag
Gold:   2213       SH:  5    Dex: 15    Spells: 12/12 levels left

rFire   + . .        o - +5 glaive of the Guard {elec, spectral}
rCold   . . .        (shield currently unavailable)
rNeg    . . .        x - +3 scale mail {rPois}
rPois   +            c - +0 helmet
rElec   +            (cloak unavailable)
rCorr   .            Y - +0 pair of gloves of the Burning Gods {^Drain rElec rPois rF+}
SInv    .            (no boots)
Will    .....        W - amulet of reflection Stlth
                     B - +5 ring of evasion
HPRegen 0.38/turn    Q - ring of flight
MPRegen 0.13/turn

%: reflection
@: flying
A: demonic guardian 2, foul stench 2, weakness stinger 3
a: Renounce Religion, Potion Petition, Call Merchant, Bribe Branch


You were on level 13 of the Dungeon.
You worshipped Gozag.
Gozag was most pleased with you.
You visited 2 branches of the dungeon, and saw 14 of its levels.
You also visited: Sewer.

You collected 3327 gold pieces.
You spent 1040 gold pieces at shops.
You paid 74 gold pieces to Gozag.

Inventory:

Hand Weapons
 o - the +5 glaive of the Guard (weapon) {elec, spectral}
   (You acquired it on level 5 of the Dungeon)
Missiles
 e - a javelin
 g - 153 stones
 z - 68 poisoned darts (quivered)
 I - 11 curare-tipped darts
 M - 5 throwing nets
Armour
 c - a +0 helmet (worn)
 w - a scarf of resistance
 x - a +3 scale mail of poison resistance (worn)
 Y - the +0 pair of gloves of the Burning Gods (worn) {^Drain rElec rPois rF+}
   (You acquired it on level 9 of the Dungeon)

   rF+:       It protects you from fire.
   rElec:     It insulates you from electricity.
   rPois:     It protects you from poison ^Drain: It drains your maximum health
   when unequipped.
Jewellery
 b - a ring of ice
 k - a ring of poison resistance
 B - a +5 ring of evasion (left hand)
 P - an amulet of magic regeneration
 Q - a ring of flight (right hand)
 W - an amulet of reflection (around neck)
 X - an amulet of the acrobat
Wands
 j - a wand of quicksilver (2)
 A - a wand of mindburst (17)
 T - a wand of iceblast (15)
 V - a wand of flame (19)
 Z - a wand of polymorph (10)
Scrolls
 f - 2 scrolls of poison
 l - a scroll of fear
 n - 3 scrolls of silence
 p - a scroll of fog
 t - 2 scrolls of revelation {unknown}
 u - 2 scrolls of immolation
 F - 2 scrolls of noise
 G - a scroll of amnesia
 H - a scroll of enchant armour
 K - a scroll of vulnerability
 L - 5 scrolls of teleportation
 O - a scroll of enchant weapon {unknown}
 U - a scroll of blinking {unknown}
Potions
 a - a potion of mutation
 d - a potion of invisibility
 h - a potion of haste
 i - a potion of magic
 m - 3 potions of berserk rage
 r - 3 potions of attraction
 s - 3 potions of brilliance
 D - 2 potions of resistance
 E - 3 potions of might
 J - 5 potions of curing
 N - 2 potions of cancellation
 R - 3 potions of lignification {unknown}
 S - a potion of degeneration {unknown}


   Skills:
 + Level 13.1 Fighting
 - Level 2.6 Short Blades
 - Level 4.0 Maces & Flails
 - Level 12.4 Polearms
 - Level 2.3 Throwing
 - Level 5.0 Armour
 - Level 5.8 Dodging
 * Level 7.4 Evocations


You had 12 spell levels left.
You didn't know any spells.
Your spell library contained the following spells:

 Spells                   Type           Power      Damage    Failure   Level
 Freeze                   Ice            0%         1d3       75%         1
 Magic Dart               Conj           0%         1d3       75%         1
 Blink                    Tloc           0%         N/A       86%         2
 Call Imp                 Summ           0%         N/A       86%         2
 Lesser Beckoning         Tloc           0%         N/A       86%         2
 Sublimation of Blood     Necr           0%         N/A       86%         2
 Dazzling Flash           Conj/Hex       0%         N/A       98%         3
 Frozen Ramparts          Ice            0%         1d1       98%         3
 Gell's Gravitas          Tloc           0%         N/A       98%         3
 Hailstorm                Conj/Ice       0%         3d5       98%         3
 Inner Flame              Hex/Fire       0%         N/A       98%         3
 Mephitic Cloud           Conj/Alch/Air  0%         N/A       98%         3
 Swiftness                Air            0%         N/A       98%         3
 Teleport Other           Tloc           0%         N/A       98%         3
 Vampiric Draining        Necr           0%         2d6       98%         3
 Volatile Blastmotes      Fire/Tloc      0%         2d10      98%         3
 Airstrike                Air            0%         2d(0-16)  100%        4
 Flame Wave               Conj/Fire      0%         2d4       100%        4
 Leda's Liquefaction      Alch/Erth      0%         N/A       100%        4
 Manifold Assault         Tloc           0%         N/A       100%        4
 Martyr's Knell           Necr/Summ      0%         N/A       100%        4
 Petrify                  Alch/Erth      0%         N/A       100%        4
 Sticky Flame             Fire/Alch      0%         2d4       100%        4
 Borgnjor's Vile Clutch   Necr/Erth      0%         N/A       100%        5
 Curse of Agony           Necr           0%         N/A       100%        5
 Freezing Cloud           Conj/Ice/Air   0%         6-21      100%        5
 Metabolic Englaciation   Hex/Ice        0%         N/A       100%        5
 Conjure Ball Lightning   Conj/Air       0%         3x3d6     100%        6
 Death Channel            Necr           0%         N/A       100%        6
 Dispersal                Tloc           0%         N/A       100%        6
 Starburst                Conj/Fire      0%         6d3       100%        6
 Summon Hydra             Summ           0%         N/A       100%        7
 Discord                  Hex            0%         N/A       100%        8
 Disjunction              Tloc           0%         N/A       100%        8
 Infestation              Necr           0%         N/A       100%        8
 Maxwell's Capacitive Co  Air            0%         ∞         100%        8
 Animate Dead             Necr           Unusable   N/A       N/A         4

Dungeon Overview and Level Annotations

Branches:
Dungeon (13/15)            Temple (1/1) D:6            Lair (0/5) D:9
    Orc (0/2) D:12          Sewer (visited)
 Vaults: D:13-14

Altars:
Ashenzari
Cheibriados
Dithmenos
Fedhas
Gozag
Hepliaklqana
Kikubaaqudgha
Makhleb
Nemelex Xobeh
Okawaru
Qazlal
Ru
Sif Muna
Trog
Uskayaw
Vehumet
Wu Jian
Xom
Yredelemnul

Shops:
D:3 :   D:9 ?

Annotations:
Temple 2 transporters


Innate Abilities, Weirdness & Mutations

A demonic guardian rushes to your aid.
You sometimes emit foul miasma when damaged in melee.
You have a sharp stinger which inflicts weakening toxins.


Message History

The ten-headed hydra completely misses your +5 glaive of the Guard {elec, spectral}.
The ten-headed hydra bites your +5 glaive of the Guard {elec, spectral}!
Your spectral weapon shares its damage with you!
The ten-headed hydra bites your +5 glaive of the Guard {elec, spectral}!
Your spectral weapon shares its damage with you!
Your +5 glaive of the Guard {elec, spectral} disappears.
The ten-headed hydra barely misses you. The ten-headed hydra bites you!
The ten-headed hydra barely misses you. The ten-headed hydra misses you.
Aiming: Mindburst
Press: ? - help, Shift-Dir - straight line, f/p - ten-headed hydra
Aim: a ten-headed hydra (heavily wounded, ally target, chance to affect: 58%)
The ten-headed hydra resists with significant effort.
The ten-headed hydra bites you!
* * * LOW HITPOINT WARNING * * *
The ten-headed hydra bites you but does no damage.
You block the ten-headed hydra's attack.
The ten-headed hydra barely misses you.
The ten-headed hydra bites you but does no damage.
The ten-headed hydra bites you.
* * * LOW HITPOINT WARNING * * *
The ten-headed hydra closely misses you.
The ten-headed hydra barely misses you. The ten-headed hydra bites you!
* * * LOW HITPOINT WARNING * * *
The ten-headed hydra barely misses you.
Your hellwing barely misses the ten-headed hydra.
Your hellwing hits the ten-headed hydra.
Unknown command.
Aiming: Mindburst
Press: ? - help, Shift-Dir - straight line, f/p - ten-headed hydra
Aim: a ten-headed hydra (heavily wounded, ally target, chance to affect: 58%)
The ten-headed hydra's minds are blasted!
The ten-headed hydra bites you but does no damage.
The ten-headed hydra misses you. The ten-headed hydra barely misses you.
The ten-headed hydra bites you.
* * * LOW HITPOINT WARNING * * *
The ten-headed hydra misses you. The ten-headed hydra bites you!
* * * LOW HITPOINT WARNING * * *
The ten-headed hydra bites you.
You die...
Your body crumbles into a pile of gold.

### .. #.####
...####....#
.......4.#.##
......D.....# .
#@.# .# ...
#..#..#
.....####..#..#
..............#
#########.#.##.#.
#................
#.#######.#....###
#.##########
######..........#


You could see a ten-headed hydra (ally target) and a friendly hellwing
(summoned).

Vanquished Creatures
  Azrael (D:12)
  Fannar (D:11)
  A catoblepas (D:12)
  A centaur warrior (D:11)
  4 two-headed ogres
  A skeletal warrior (D:11)
  2 deep elf pyromancers
  2 ugly things
  4 cyclopes
  Maurice (D:12)
  A manticore (D:11)
  A moth of wrath (D:8)
  A gargoyle (D:10)
  An unseen horror (D:11)
  A rime drake (D:9)
  A tengu conjurer (D:9)
  7 trolls
  A polar bear (D:9)
  3 hornets
  9 slime creatures (D:12)
  Sigmund (D:3)
  2 wraiths (D:11)
  4 shadows
  A vampire (D:11)
  A basilisk (D:9)
  4 fire elementals (D:12)
  8 yaks
  2 wyverns
  9 vampire mosquitoes (D:11)
  Grum (D:11)
  A steam dragon (D:8)
  Edmund (D:4)
  An acid dragon (D:9)
  2 hell hounds (D:12)
  A black bear (D:5)
  A sky beast (D:7)
  8 orc warriors
  6 ice beasts
  5 wolves
  5 ogres
  4 centaurs
  5 kobold brigands
  A bullfrog (D:7)
  3 scorpions
  2 gnoll sergeants
  13 wights
  3 killer bees (D:8)
  2 howler monkeys (D:11)
  3 bombardier beetles
  A jelly (D:7)
  11 orc priests
  2 gnoll boudas
  3 hounds
  A sleepcap (D:4)
  Natasha (thrice) (D:4)
  2 iguanas
  21 orc wizards
  2 human simulacra (D:9)
  27 gnolls
  6 adders
  3 river rats (Sewer)
  3 white imps
  3 dart slugs
  12 ribbon worms
  54 orcs
  8 endoplasms
  4 giant cockroaches
  5 goblins
  12 hobgoblins
  6 jackals
  35 kobolds
  8 quokkas
  9 ball pythons
  3 bats
  9 frilled lizards
  8 rats
405 creatures vanquished.

Vanquished Creatures (collateral kills)
  A manticore (D:11)
  The ghost of hattop the Summoner, a novice FeSu of Hepliaklqana (D:8)
  Eustachio (D:4)
  A fire elemental (D:12)
  A kobold brigand (D:7)
  2 wights (D:6)
  2 orc priests
  Ijyb (D:3)
  A shadow imp (D:7)
  An orc (D:3)
  A jackal (D:4)
  3 kobolds
  A quokka (D:3)
17 creatures vanquished.

Vanquished Creatures (others)
  A gnoll (D:8)
  7 spectral weapons
8 creatures vanquished.

Grand Total: 430 creatures vanquished

Notes
Turn   | Place    | Note
-------+----------+-------------------------------------------
     0 | D:1      | Newt the Demonspawn Gladiator began the quest for the Orb.
     0 | D:1      | Reached XP level 1. HP: 16/16 MP: 1/1
   134 | D:1      | Gained mutation: A weak demonic guardian rushes to your
                  | aid. [demonic ancestry]
   134 | D:1      | Reached XP level 2. HP: 22/22 MP: 2/2
   430 | D:1      | Reached skill level 1 in Maces & Flails
   589 | D:1      | Reached XP level 3. HP: 28/28 MP: 3/3
  1255 | D:2      | Found a bloodstained altar of Trog.
  1497 | D:2      | Reached skill level 3 in Fighting
  1570 | D:2      | Gained mutation: A demonic guardian rushes to your aid.
                  | [demonic ancestry]
  1570 | D:2      | Reached XP level 4. HP: 35/35 MP: 4/4
  1832 | D:3      | Noticed Ijyb
  1840 | D:3      | Killed Ijyb
  2133 | D:3      | Found Deblenen's Book Emporium.
  2133 | D:3      | Noticed a walking frostbound tome
  2133 | D:3      | Noticed Sigmund
  2134 | D:3      | Noticed a walking divine tome
  2146 | D:3      | Killed Sigmund
  2147 | D:3      | Gained mutation: You may rarely emit foul miasma when
                  | damaged in melee. [demonic ancestry]
  2147 | D:3      | Reached XP level 5. HP: 35/42 MP: 5/5
  2201 | D:3      | Reached skill level 4 in Fighting
  2201 | D:3      | Gained mutation: You have a small tail. [demonic ancestry]
  2201 | D:3      | Reached XP level 6. HP: 39/48 MP: 6/6
  2414 | D:3      | Reached skill level 1 in Polearms
  3533 | D:4      | Reached XP level 7. HP: 46/55 MP: 7/7
  3585 | D:4      | Noticed Natasha
  3593 | D:4      | Killed Natasha
  3620 | D:4      | Noticed Eustachio
  3642 | D:4      | Killed Eustachio
  3643 | D:4      | Reached skill level 5 in Fighting
  3868 | D:4      | Noticed Natasha
  3874 | D:4      | Killed Natasha
  4025 | D:4      | Found a glowing drain.
  4041 | Sewer    | Entered a sewer
  4226 | Sewer    | Gained mutation: You have a tail ending in a sharp stinger.
                  | [demonic ancestry]
  4226 | Sewer    | Reached XP level 8. HP: 57/64 MP: 8/8
  4622 | Sewer    | Reached skill level 6 in Fighting
  4753 | D:4      | Noticed Edmund
  4774 | D:4      | Killed Edmund
  4812 | D:4      | Found a sacrificial altar of Ru.
  4812 | D:4      | Found an opulent altar of Gozag.
  4813 | D:4      | Found an ornate altar of the Wu Jian Council.
  5079 | D:4      | Noticed Natasha
  5085 | D:4      | Killed Natasha
  5317 | D:4      | Became a worshipper of Gozag Ym Sagoz the Greedy
  5331 | D:5      | Entered Level 5 of the Dungeon
  5397 | D:5      | Reached skill level 5 in Dodging
  5485 | D:6      | Found a staircase to the Ecumenical Temple.
  5496 | D:6      | HP: 3/62 [wight/+4 battleaxe (15)]
  5506 | Temple   | Found a transporter.
  5506 | Temple   | Found a transporter.
  5506 | Temple   | Found a transporter.
  5506 | Temple   | Found a transporter.
  5506 | Temple   | Entered the Ecumenical Temple
  6109 | D:6      | Reached skill level 7 in Fighting
  6109 | D:6      | Reached skill level 1 in Armour
  6141 | D:6      | Reached XP level 9. HP: 72/72 MP: 9/9
  6607 | D:6      | Found a sparkling altar of Nemelex Xobeh.
  7278 | D:5      | Identified a scroll of acquirement
  7279 | D:5      | Acquired the +5 glaive of the Guard {elec, spectral}
  7279 | D:5      | Found the +5 glaive of the Guard {elec, spectral}
  8021 | D:7      | Reached skill level 8 in Fighting
  8022 | D:7      | Reached skill level 5 in Armour
  8282 | D:7      | Reached skill level 5 in Polearms
  8702 | D:8      | Found a transporter.
  8710 | D:8      | Found a bloodstained altar of Trog.
  8710 | D:8      | Noticed hattop's ghost (novice FeSu)
  8719 | D:8      | Noticed a moth of wrath
  8724 | D:8      | Noticed a two-headed ogre
  8742 | D:8      | Found a transporter.
  8822 | D:8      | Reached XP level 10. HP: 39/82 MP: 6/10
  9683 | D:8      | Killed hattop's ghost
  9684 | D:8      | Reached skill level 9 in Fighting
  9688 | D:8      | Killed a moth of wrath
  9689 | D:8      | Killed a two-headed ogre
  9996 | D:9      | Reached skill level 10 in Fighting
 10070 | D:9      | Gained mutation: You sometimes emit foul miasma when
                  | damaged in melee. [demonic ancestry]
 10070 | D:9      | Reached XP level 11. HP: 91/91 MP: 11/11
 10074 | D:9      | Found a staircase to the Lair.
 10250 | D:9      | Found Zargh's Magic Scroll Emporium.
 10258 | D:9      | Bought a scroll of acquirement for 832 gold pieces
 10258 | D:9      | Bought a scroll of identify for 32 gold pieces
 10258 | D:9      | Bought a scroll of identify for 32 gold pieces
 10258 | D:9      | Bought a scroll of identify for 32 gold pieces
 10258 | D:9      | Bought a scroll of identify for 32 gold pieces
 10258 | D:9      | Bought a scroll of identify for 32 gold pieces
 10258 | D:9      | Bought a scroll of teleportation for 48 gold pieces
 10260 | D:9      | Acquired the +0 pair of gloves of the Burning Gods {^Drain
                  | rElec rPois rF+}
 10537 | D:9      | Reached skill level 10 in Polearms
 10624 | D:9      | Identified the +7 plate armour of Gyizufosh {rElec rN+
                  | Slay-3}
 10845 | D:10     | Entered Level 10 of the Dungeon
 10874 | D:10     | Found an iron altar of Okawaru.
 11374 | D:11     | Noticed a two-headed ogre
 11375 | D:11     | Noticed a deep elf pyromancer
 11382 | D:11     | Reached skill level 11 in Fighting
 11382 | D:11     | Killed a deep elf pyromancer
 11384 | D:11     | Killed a two-headed ogre
 11649 | D:11     | Noticed Grum
 11654 | D:11     | Killed Grum
 11926 | D:11     | Noticed a purple ugly thing
 11926 | D:11     | Noticed a centaur warrior
 11932 | D:11     | Noticed Fannar
 11935 | D:11     | Noticed a skeletal warrior
 11936 | D:11     | Killed a centaur warrior
 11943 | D:11     | Killed a purple ugly thing
 11957 | D:11     | Killed Fannar
 11959 | D:11     | Reached XP level 12. HP: 69/101 MP: 12/12
 12261 | D:11     | Found a shadowy altar of Dithmenos.
 12270 | D:11     | Found a shadowy altar of Dithmenos.
 12276 | D:11     | Found a sacrificial altar of Ru.
 12284 | D:11     | Reached skill level 12 in Fighting
 12539 | D:11     | Got the Enchiridion on Gloom
 12800 | D:11     | Reached skill level 1 in Evocations
 13283 | D:12     | Noticed a two-headed ogre
 13287 | D:12     | Killed a two-headed ogre
 13328 | D:12     | Noticed Azrael
 13335 | D:12     | HP: 2/103 [Azrael/damnation (44)]
 13338 | D:12     | Killed Azrael
 13339 | D:12     | Reached skill level 5 in Evocations
 13795 | D:12     | Noticed a two-headed ogre
 13797 | D:12     | Killed a two-headed ogre
 13867 | D:12     | Noticed Maurice
 13871 | D:12     | Noticed a catoblepas
 13873 | D:12     | Killed Maurice
 13879 | D:12     | Killed a catoblepas
 14006 | D:12     | Reached skill level 13 in Fighting
 14075 | D:12     | Found a staircase to the Orcish Mines.
 14516 | D:13     | Got the Lessons on Lightning
 14527 | D:13     | Gained mutation: You have a sharp stinger which inflicts
                  | weakening toxins. [demonic ancestry]
 14527 | D:13     | Reached XP level 13. HP: 111/111 MP: 13/13
 14544 | D:13     | HP: 3/111 [ten-headed hydra (10)]
 14544 | D:13     | Slain by a ten-headed hydra

Illustrated notes

Levels and vault maps discovered:
D:1:      spicycebolla_green_bress_n_ham, layout_loops_corners, minmay_circled_x
D:2:      layout_loops_ring, basic_altar
D:3:      layout_basic, serial_shops, nicolae_shop_mannequins, uniq_ijyb,
          uniq_sigmund
D:4:      layout_basic, gammafunk_temple_overflow_forgotten,
          cheibrodos_sewer_entry_bend, serial_bayou_pond_e, uniq_edmund,
          uniq_eustachio, uniq_natasha
D:5:      corexii_shack_village, layout_basic
D:6:      layout_rooms, mainiacjoe_overflow_six_doors_small,
          minmay_temple_entry_mist
D:7:      layout_gridville, dreamdust_princess_bridge
D:8:      nicolae_BIG_FREAKIN_CUBE, layout_rooms,
          gammafunk_ghost_wrathful_warriors
D:9:      minmay_opposing_rooms, layout_irregular_city, hellmonk_lair_entry_icy,
          serial_shops, shop, bh_circular_ruins
D:10:     layout_big_octagon, okawaru_ov_weapons_minmay
D:11:     minmay_the_grid_octo_tiled_squarecenter_mashed
          [minmay_the_grid_octo_clover_2, minmay_the_grid_octo_shrine,
          minmay_the_grid_octo_fan_narrow, minmay_the_grid_octo_pinwheel,
          minmay_the_grid_square_5x5_megaprize_hollow,
          minmay_the_grid_square_5x5_v, minmay_the_grid_square_5x5_z,
          minmay_the_grid_square_5x5_minibox,
          minmay_the_grid_square_5x5_minimal], layout_basic, uniq_fannar,
          uniq_grum
D:12:     layout_long_grid, david_orc_2, uniq_azrael, uniq_maurice
D:13:     layout_basic, grunt_vaults_entry_tiered, dk_noncrumbling_4
Temple:   hellmonk_temple_divided_pantheon

Skill      XL: |  1  2  3  4  5  6  7  8  9 10 11 12 |
---------------+-------------------------------------+-----
Throwing       | 2 |  2.3
Maces & Flails | 1 2 3 4 |  4.0
Fighting       | 3 4 5 7 8 10 11 13 | 13.1
Polearms       | 2 4 6 9 11 12 | 12.4
Dodging        | 3 5 |  5.8
Armour         | 1 5 |  5.0
Evocations     | 7 |  7.4
Short Blades   | |  2.6

Action                     |  1- 3 |  4- 6 |  7- 9 | 10-12 | 13-15 || total
---------------------------+-------+-------+-------+-------+-------++-------
  Melee: Rapier            |    31 |       |       |       |       ||    31
         Flail             |   112 |   116 |       |       |       ||   228
         Punch             |     2 |     4 |       |       |       ||     6
         Tailslap          |       |    20 |    51 |    33 |       ||   104
         Halberd           |       |    14 |   372 |       |       ||   386
         Glaive            |       |       |    92 |   303 |     4 ||   399
  Throw: Throwing net      |     1 |       |     2 |       |       ||     3
         Dart              |     3 |    15 |     9 |       |       ||    27
         Javelin           |       |     1 |       |       |       ||     1
  Evoke: Wand              |       |     1 |     1 |       |     2 ||     4
    Use: Scroll            |     1 |     2 |     9 |     9 |       ||    21
         Potion            |     1 |       |     1 |     8 |       ||    10
   Stab: Sleeping          |     1 |       |       |       |       ||     1
         Invisible         |       |       |       |     2 |       ||     2
         Distracted        |       |       |       |     6 |       ||     6
 Armour: Leather armour    |    78 |     3 |       |       |       ||    81
         Scale mail        |       |    62 |   249 |   103 |    16 ||   430
  Dodge: Dodged            |   112 |    89 |   318 |   124 |    11 ||   654
  Block: Other             |       |       |       |    23 |     2 ||    25
         Reflection        |       |       |       |     2 |       ||     2

Table legend: (Time is in decaauts)
 A = Elapsed time spent in this place.
 B = Non-inter-level travel time spent in this place.
 C = Inter-level travel time spent in this place.
 D = Time resting spent in this place.
 E = Time spent auto-exploring this place.
 F = Levels seen in this place.
 G = Mean time per level.
                   A        B        C        D        E       F      G
               +--------+--------+--------+--------+--------+-----+--------+
         Total |  14938 |  14450 |    488 |   2990 |   8737 |  15 |  995.9 |
       Dungeon |  13601 |  13113 |    488 |   2496 |   8192 |  13 | 1046.2 |
        Temple |    495 |    495 |      0 |    494 |      0 |   1 |  495.0 |
         Sewer |    840 |    840 |      0 |      0 |    545 |   1 |  840.0 |
               +--------+--------+--------+--------+--------+-----+--------+

Top non-repeatable levels by time:
    D:11: 1912 daAuts
     D:3: 1669 daAuts
    D:12: 1310 daAuts
     D:4: 1249 daAuts
     D:6: 1223 daAuts
     D:8: 1135 daAuts
     D:1: 1097 daAuts
     D:9: 1050 daAuts
     D:7: 909 daAuts
   Sewer: 840 daAuts
     D:5: 827 daAuts
     D:2: 738 daAuts
  Temple: 495 daAuts
    D:10: 443 daAuts
    D:13: 35 daAuts
